 Dungeon Crawl Stone Soup version 0.23.0 (webtiles) character file.

Game seed: 12099145665379911676

1680 Murks the Skirmisher (level 8, -3/67 HPs)
             Began as a Demonspawn Necromancer on Feb 14, 2019.
             Was a Follower of Makhleb.
             Slain by Joseph
             ... wielding a +0 quarterstaff
              (9 damage)
             ... on level 7 of the Dungeon.
             The game lasted 00:50:21 (8149 turns).

Murks the Skirmisher (Demonspawn Necromancer)       Turns: 8149, Time: 00:50:22

Health: -3/67      AC:  5    Str: 10    XL:     8   Next: 71%
Magic:  0/12       EV: 12    Int: 17    God:    Makhleb [*.....]
Gold:   285        SH:  8    Dex: 14    Spells: 6/11 levels left

rFire    . . .     SeeInvis .   v - +0 dagger (pain)
rCold    . . .     Gourm    .   l - +0 buckler (curse)
rNeg     . . .     Faith    .   g - +0 leather armour
rPois    .         Spirit   .   (helmet restricted)
rElec    .         Reflect  +   (no cloak)
rCorr    .         Harm     .   (no gloves)
MR       .....                  (no boots)
Stlth    ++........             z - +3 amulet of reflection
HPRegen  0.21/turn              (no ring)
MPRegen  0.13/turn              (no ring)

@: no status effects
A: horns 1, molten scales 1, rot immunity
a: Renounce Religion


You were on level 7 of the Dungeon.
You worshipped Makhleb.
Makhleb was aware of your devotion.
You were not hungry.

You visited 1 branch of the dungeon, and saw 7 of its levels.

You collected 420 gold pieces.
You spent 135 gold pieces at shops.

Inventory:

Hand Weapons
 u - a +2 whip of venom
 v - a +0 dagger of pain (weapon)
Missiles
 e - 197 stones (quivered)
Armour
 a - a +0 robe
 g - a +0 leather armour (worn)
 l - a cursed +0 buckler (worn)
 t - a +0 scale mail
 C - a scarf of spirit shield
Jewellery
 z - a +3 amulet of reflection (around neck)
Wands
 f - a wand of iceblast (7)
 y - a wand of digging (6)
Scrolls
 b - a scroll of enchant armour {unknown}
 d - a scroll of blinking {unknown}
 h - 5 scrolls of magic mapping {unknown}
 j - 11 scrolls of identify {unknown}
 k - a scroll of fear {unknown}
 m - 2 scrolls of teleportation {unknown}
 o - 6 scrolls of remove curse {unknown}
 p - a scroll of brand weapon {unknown}
 x - a scroll of immolation {unknown}
Potions
 i - a potion of ambrosia {unknown}
 n - a potion of agility {unknown}
 q - a potion of resistance {unknown}
 r - 2 potions of magic {unknown}
 s - 2 potions of brilliance {unknown}
 A - a potion of cancellation {unknown}
Comestibles
 c - 6 rations


   Skills:
 - Level 7.5 Fighting
 - Level 2.9 Maces & Flails
 - Level 1.7 Dodging
 - Level 1.7 Stealth
 - Level 4.2 Shields
 - Level 2.0 Spellcasting
 + Level 5.6 Necromancy
 - Level 5.3 Invocations


You had 6 spell levels left.
You knew the following spells:

 Your Spells              Type           Power        Failure   Level  Hunger
a - Pain                  Necr           ###.         2%          1    #......
b - Animate Skeleton      Necr           N/A          2%          1    #......
c - Vampiric Draining     Necr           ###.......   8%          3    ###....

Your spell library contained the following spells:

 Spells                   Type           Power        Failure   Level  Hunger
 Magic Dart               Conj           #...         26%         1    #......
 Regeneration             Chrm/Necr      ##........   26%         3    ###....
 Animate Dead             Necr           N/A          26%         4    #####..
 Blink                    Tloc           N/A          36%         2    ###....
 Call Imp                 Summ           #.......     36%         2    ###....
 Slow                     Hex            #.......     36%         2    ###....
 Conjure Flame            Conj/Fire      #.......     61%         3    ###....
 Mephitic Cloud           Conj/Pois/Air  #.......     61%         3    ###....


Dungeon Overview and Level Annotations

Branches:
Dungeon (7/15)             Temple (0/1) D:5

Altars:
Elyvilon
Fedhas
Hepliaklqana
Makhleb
Qazlal
Trog
Uskayaw
Vehumet
Wu Jian
Xom
The Shining One

Shops:
D:6 *=%=

Annotations:
D:7 1 runed translucent door, Joseph; LostNumber's ghost, novice TrIE; Pikel


Innate Abilities, Weirdness & Mutations

You have a pair of small horns on your head.
You are partially covered in molten scales. (AC +2)
You are immune to rotting.


Message History

Joseph hits you with a +0 quarterstaff!
* * * LOW HITPOINT WARNING * * *
LostNumber's ghost says, "I thought violence couldn't solve anything, but it solved me."
You closely miss Joseph. Your headbutt misses Joseph.
Joseph is almost dead.
Joseph hits you but does no damage.
The crimson imp blinks!
Casting: Vampiric Draining (safe; 8% risk of failure)
Confirm with . or Enter, or press ? or * to list all spells.
Aiming: Pain (safe; 2% risk of failure)
Press: ? - help, Shift-Dir - straight line, f/p - Joseph
Aim: Joseph, wielding a +0 quarterstaff and wearing a +0 leather armour (almost dead, chance to defeat MR: 65%) Joseph struggles to resist.
A worker ant comes into view.
Joseph hits you with a +0 quarterstaff.
* * * LOW HITPOINT WARNING * * *
The worker ant moves out of view.
You barely miss Joseph. You headbutt Joseph.
Joseph is almost dead.
Joseph hits you with a +0 quarterstaff!
You die...

############ ##
#..........# ..
#.########.# ## #. #.#
#.# .. #. #.# #.#
###(##.##.# #.#
........#.# #.# #..#.##
#.# #.##.@@..# #.####
....5....(# #....###
##..............####.>..
#......#.#####. #..##
##.......# #..#
###+##### #..# #.W(#
...# ##.# ##.## ## #.#


You could see Joseph, a +2 short sword of chaos, LostNumber's ghost and a
crimson imp.

Vanquished Creatures
  A black bear (D:5)
  A sky beast (D:5)
  4 ogres
  4 centaurs (D:6)
  2 bullfrogs (D:6)
  A howler monkey (D:7)
  A crimson imp (D:6)
  2 jellies
  4 hounds
  4 orc wizards
  2 bullfrog skeletons
  A worker ant (D:5)
  A hound skeleton (D:5)
  A worker ant zombie (D:6)
  7 adders
  An ooze (D:1)
  An adder skeleton (D:7)
  3 worms
  4 leopard geckos
  17 orcs
  2 giant cockroaches (D:3)
  10 goblins
  8 hobgoblins
  3 jackals (D:5)
  6 quokkas
  A ball python skeleton (D:4)
  9 bats
  2 frilled lizards
  4 kobolds
  11 rats
118 creatures vanquished.

Vanquished Creatures (collateral kills)
  A scorpion (D:6)
  A crimson imp (D:6)
  A hound (D:6)
  A bullfrog skeleton (D:5)
  An iguana (D:4)
  2 adders (D:2)
  A dart slug (D:2)
  A giant cockroach (D:6)
  2 goblins
  A quokka skeleton (D:4)
  A rat (D:1)
13 creatures vanquished.

Vanquished Creatures (others)
  A fungus (D:5)
1 creature vanquished.

Grand Total: 132 creatures vanquished

Notes
Turn   | Place    | Note
-------+----------+-------------------------------------------
     0 | D:1      | Murks the Demonspawn Necromancer began the quest for the
                  | Orb.
     0 | D:1      | Reached XP level 1. HP: 13/13 MP: 3/3
   556 | D:1      | Gained mutation: You have a pair of small horns on your
                  | head. [demonic ancestry]
   556 | D:1      | Reached XP level 2. HP: 16/19 MP: 1/5
   632 | D:1      | Reached skill level 5 in Necromancy
   707 | D:1      | Learned a level 1 spell: Animate Skeleton
  1064 | D:1      | Reached skill level 1 in Fighting
  1064 | D:1      | Reached XP level 3. HP: 25/26 MP: 3/6
  1337 | D:2      | Found a hide-covered altar of Uskayaw.
  1356 | D:2      | Reached skill level 2 in Fighting
  1773 | D:2      | Gained mutation: You are immune to rotting. [demonic
                  | ancestry]
  1773 | D:2      | Reached XP level 4. HP: 10/34 MP: 4/7
  2248 | D:2      | Reached skill level 1 in Shields
  2639 | D:3      | Found an ornate altar of the Wu Jian Council.
  2929 | D:3      | Found a white marble altar of Elyvilon.
  2929 | D:3      | Found a radiant altar of Vehumet.
  3000 | D:3      | Found a burning altar of Makhleb.
  3003 | D:3      | Became a worshipper of Makhleb the Destroyer
  3577 | D:4      | Reached XP level 5. HP: 36/39 MP: 8/8
  3606 | D:4      | HP: 2/58 [poisoned by an adder]
  4640 | D:4      | Noticed an ogre
  4646 | D:4      | Killed an ogre
  4646 | D:4      | Reached XP level 6. HP: 41/46 MP: 2/9
  5089 | D:5      | Entered Level 5 of the Dungeon
  5096 | D:5      | Reached skill level 1 in Maces & Flails
  5150 | D:5      | Found a hazy altar of Hepliaklqana.
  5164 | D:5      | Found a staircase to the Ecumenical Temple.
  5269 | D:5      | Found a bloodstained altar of Trog.
  5332 | D:5      | Found a shimmering altar of Xom.
  5333 | D:5      | Found a shimmering altar of Xom.
  5333 | D:5      | Found a shimmering altar of Xom.
  5618 | D:5      | Found a shimmering altar of Xom.
  5689 | D:5      | Reached skill level 1 in Invocations
  5761 | D:5      | Gained mutation: You are partially covered in molten
                  | scales. (AC +2) [demonic ancestry]
  5761 | D:5      | Reached XP level 7. HP: 50/51 MP: 5/10
  5766 | D:5      | Found a stormy altar of Qazlal.
  5767 | D:5      | Found a blossoming altar of Fedhas.
  6048 | D:5      | Found a glowing golden altar of the Shining One.
  6177 | D:6      | Found Keojeirgh's Jewellery Emporium.
  6324 | D:6      | Learned a level 3 spell: Vampiric Draining
  6337 | D:6      | Reached * piety under Makhleb
  6337 | D:6      | Reached skill level 5 in Invocations
  6366 | D:6      | Reached skill level 3 in Fighting
  6671 | D:5      | Reached skill level 4 in Fighting
  6671 | D:5      | Reached XP level 8. HP: 43/61 MP: 0/12
  6802 | D:6      | Reached skill level 5 in Fighting
  6894 | D:6      | Found Tesiehir's Jewellery Boutique.
  6900 | D:6      | Found Uptoc's Assorted Antiques.
  6962 | D:6      | Reached skill level 6 in Fighting
  6986 | D:6      | Bought a blackened lapis lazuli amulet for 135 gold pieces
  7354 | D:6      | Found Tuadgh's Food Boutique.
  7503 | D:6      | Reached skill level 7 in Fighting
  7986 | D:7      | Noticed Pikel
  8114 | D:7      | Found a runed translucent door.
  8115 | D:7      | Found a shimmering altar of Xom.
  8115 | D:7      | Noticed a +2 short sword of chaos
  8115 | D:7      | Noticed LostNumber's ghost (novice TrIE)
  8119 | D:7      | Noticed Joseph
  8149 | D:7      | Slain by Joseph

Skill      XL: |  1  2  3  4  5  6  7  8 |
---------------+-------------------------+-----
Necromancy     | 5 |  5.6
Fighting       | 1 2 4 7 |  7.5
Shields        | 2 4 |  4.2
Maces & Flails | 2 |  2.9
Invocations    | 1 5 |  5.3
Dodging        | |  1.7
Stealth        | |  1.7
Spellcasting   | |  2.0

Action                   |  1- 3 |  4- 6 |  7- 9 || total
-------------------------+-------+-------+-------++-------
Melee: Unarmed           |     7 |       |       ||     7
       Short sword       |    49 |     9 |       ||    58
       Headbutt          |     7 |    18 |    28 ||    53
       Whip              |       |    83 |    34 ||   117
       Dagger            |       |    18 |   135 ||   153
Throw: Stone             |     5 |       |       ||     5
 Cast: Pain              |    50 |    78 |    20 ||   148
       Animate Skeleton  |    18 |    19 |     9 ||    46
       Vampiric Draining |       |       |    18 ||    18
Evoke: Wand              |       |       |     3 ||     3
  Use: Potion            |     1 |     2 |     1 ||     4
 Stab: Sleeping          |     2 |       |     1 ||     3
  Eat: Chunk             |     4 |    14 |     8 ||    26
       Ration            |       |       |     1 ||     1
Armor: Robe              |     5 |       |       ||     5
       Leather armour    |     7 |    12 |    38 ||    57
       Skin              |       |    15 |     7 ||    22
Dodge: Dodged            |    42 |    57 |    85 ||   184
Block: Buckler           |     4 |    30 |    47 ||    81
       Reflection        |       |       |     1 ||     1
